 Dungeon Crawl Stone Soup version 0.29.0-4-gdea44cf6ec (webtiles) character file.

Game seed: 13759703613480292092

126 qw the Chopper (level 5, -1/30 HPs)
             Began as a Tengu Warper on Aug 28, 2022.
             Slain by a yak (12 damage)
             ... on level 4 of the Dungeon.
             The game lasted 00:00:21 (3851 turns).

qw the Chopper (Tengu Warper)                       Turns: 3851, Time: 00:00:22

Health: -1/30      AC: 10    Str: 13    XL:     5   Next: 10%
Magic:  9/9        EV: 11    Int: 14    God:
Gold:   28         SH:  0    Dex: 13    Spells: 8/8 levels left

rFire   + . .      SeeInvis .   Y - +0 war axe
rCold   . . .      Faith    .   (no shield)
rNeg    . . .      Spirit   .   i - +0 scale mail
rPois   .          Reflect  .   (helmet restricted)
rElec   .          Harm     .   (no cloak)
rCorr   .          Rampage  .   (no gloves)
Will    .....                   (boots unavailable)
Stlth   ..........              e - amulet of the acrobat
HPRegen 0.10/turn               a - +4 ring of protection
MPRegen 0.11/turn               l - ring of protection from fire

@: flying quickly and evasively, quick
A: beak, talons 3, nimble flight
a: no special abilities


You were on level 4 of the Dungeon.
You visited 1 branch of the dungeon, and saw 4 of its levels.

You collected 1129 gold pieces.
You spent 1101 gold pieces at shops.


Innate Abilities, Weirdness & Mutations

You have a beak for a mouth.
You have claws for feet.
Your magical nature lets you fly swiftly and evasively.


   Skills:
 - Level 2.0 Fighting
 + Level 5.6 Axes
 - Level 1.0 Throwing
 - Level 1.1 Armour
 - Level 2.1 Dodging
 - Level 2.0 Spellcasting
 - Level 2.4 Translocations


You had 8 spell levels left.
You didn't know any spells.
Your spell library contained the following spells:

 Spells                   Type           Power      Damage    Failure   Level
 Blink                    Tloc           16%        N/A       54%         2
 Gell's Gravitas          Tloc           8%         N/A       78%         3
 Lesser Beckoning         Tloc           8%         N/A       78%         3
 Teleport Other           Tloc           8%         N/A       78%         3
 Manifold Assault         Tloc           8%         N/A       100%        5

Inventory:

Hand Weapons
 b - a +2 flail of protection
 Y - a +0 war axe (weapon)
Armour
 i - a +0 scale mail (worn)
Jewellery
 a - a +4 ring of protection (left hand)
 e - an amulet of the acrobat (around neck)
 l - a ring of protection from fire (right hand)
 q - a +6 ring of dexterity
Scrolls
 c - a scroll of identify
Potions
 d - 2 potions of heal wounds
 g - 3 potions of curing
 h - a potion of might
 m - a potion of cancellation {unknown}
 n - a potion of haste {unknown}
 o - a potion of invisibility {unknown}
 p - a potion of mutation {unknown}

Dungeon Overview and Level Annotations

Branches:
Dungeon (4/15)
 Temple: D:4-7

Altars:

Shops:
D:3 *(


Message History

You kill the iguana!
You have reached level 5!
Your magical nature develops, letting you fly swiftly and evasively.
You start resting.
You feel your willpower return.
HP restored.
You see here 4 poisoned darts.
Found a potion of curing.
You see here a +2 barding.
Found a scroll of vulnerability.
g - 2 potions of curing (gained 1)
A hobgoblin comes into view.
The hobgoblin shouts!
The hobgoblin falls through a shaft!
The shaft crumbles and collapses.
You see here a scroll of vulnerability.
g - 3 potions of curing (gained 1)
A yak comes into view.
Enter note:
3841 ||| Stepping ~*~*~tactically~*~*~ (stealth).
The yak bellows!
You hear a shout!
A yak comes into view.
3844 ||| Stepping ~*~*~tactically~*~*~ (stealth). 2 yaks come into view.
The yak bellows!
A giant cockroach comes into view.
The yak moves out of view.
3846 ||| Stepping ~*~*~tactically~*~*~ (stealth).
You hit the yak. Your kick misses the yak.
The yak is lightly wounded.
The yak gores you!
You slash the yak!
The yak is moderately wounded.
The yak gores you!
You hit the yak. You claw the yak, but do no damage.
The yak is moderately wounded.
The yak closely misses you.
You barely miss the yak. Your kick misses the yak.
The yak is moderately wounded.
The yak gores you but does no damage. The yak gores you!
You die...

###############
......BY@.....#
.[.....######.#
.#####. #.##########
#. #..........## #.
#...........?
#.#######.#######.##
..........# #.##
Y########## #...
#########


You could see a yak and a giant cockroach.

Vanquished Creatures
  An iguana (D:4)
  A gnoll (D:1)
  2 adders (D:2)
  A dart slug (D:1)
  2 orcs (D:3)
  7 endoplasms
  7 goblins
  4 hobgoblins
  3 jackals (D:3)
  5 quokkas
  5 ball pythons
  10 bats
  12 kobolds
  5 rats
65 creatures vanquished.

Vanquished Creatures (others)
  7 plants
7 creatures vanquished.

Grand Total: 72 creatures vanquished

Notes
Turn   | Place    | Note
-------+----------+-------------------------------------------
     0 | D:1      | qw the Tengu Warper began the quest for the Orb.
     0 | D:1      | Reached XP level 1. HP: 12/12 MP: 4/4
     0 | D:1      | 0 ||| qw: Version: 0.1-a-89-g26bdef1
     0 | D:1      | 0 ||| qw: Game counter: 2987
     0 | D:1      | 0 ||| qw: Always use a shield: true
     0 | D:1      | 0 ||| qw: God list: Okawaru
     0 | D:1      | 0 ||| qw: Allow faded altars: false
     0 | D:1      | 0 ||| qw: Do Orc after D:15 true
     0 | D:1      | 0 ||| qw: Do second Lair branch before Depths: true
     0 | D:1      | 0 ||| qw: Lair rune preference: random
     0 | D:1      | 0 ||| qw: Plans: Normal
     0 | D:1      | 0 ||| PLANNING D:1-11
   155 | D:1      | 155 ||| Stepping ~*~*~tactically~*~*~ (stealth).
   165 | D:1      | Reached XP level 2. HP: 15/17 MP: 6/6
   215 | D:1      | Reached skill level 3 in Axes
   344 | D:1      | 344 ||| Stepping ~*~*~tactically~*~*~ (hiding).
   452 | D:1      | 452 ||| Stepping ~*~*~tactically~*~*~ (hiding).
   890 | D:1      | 890 ||| Stepping ~*~*~tactically~*~*~ (stealth).
   891 | D:1      | 891 ||| Stepping ~*~*~tactically~*~*~ (stealth).
   892 | D:1      | 892 ||| Stepping ~*~*~tactically~*~*~ (stealth).
   920 | D:1      | 920 ||| Stepping ~*~*~tactically~*~*~ (stealth).
  1212 | D:1      | Reached skill level 4 in Axes
  1212 | D:1      | Reached XP level 3. HP: 14/21 MP: 7/7
  1335 | D:1      | 1335 ||| DROPPING +0 club.
  1470 | D:1      | 1470 ||| SWAPPING to +0 war axe.
  1471 | D:1      | 1471 ||| DROPPING +0 hand axe.
  1472 | D:1      | 1472 ||| UPGRADING to +0 scale mail.
  1482 | D:1      | 1482 ||| DROPPING +0 leather armour.
  1483 | D:1      | 1483 ||| READING scroll labelled ISHOAS VOR ASE.
  1484 | D:1      | 1484 ||| READING scroll labelled LEPHOU MAOHUR.
  1485 | D:1      | 1485 ||| READING scroll labelled UCI GERALLE.
  1586 | D:1      | 1586 ||| DROPPING scroll of blinking.
  1631 | D:2      | 1631 ||| DROPPING +0 whip.
  1645 | D:2      | 1645 ||| Stepping ~*~*~tactically~*~*~ (stealth).
  1648 | D:2      | 1648 ||| Stepping ~*~*~tactically~*~*~ (stealth).
  1800 | D:2      | Reached XP level 4. HP: 17/26 MP: 8/8
  2174 | D:2      | 2174 ||| FLEEEEING.
  2743 | D:2      | 2743 ||| UPGRADING to ring of protection from fire.
  2744 | D:2      | 2744 ||| UPGRADING to +6 ring of dexterity.
  2745 | D:2      | 2745 ||| READING scroll labelled SEAXKE BEXUDDE.
  2750 | D:2      | 2750 ||| READING scroll labelled JOAGAN JUPHYL.
  2750 | D:2      | Identified a scroll of acquirement
  2750 | D:2      | 2750 ||| ACQUIRING 1028 gold pieces
  2750 | D:2      | Acquired 1028 gold pieces
  2752 | D:2      | 2752 ||| READING scroll labelled LUJEGO ZENE.
  2753 | D:2      | 2753 ||| DRINKING 2 metallic clear potions.
  2754 | D:2      | 2754 ||| DRINKING 2 sapphire potions.
  2755 | D:2      | 2755 ||| READING 3 scrolls of identify.
  2755 | D:2      | 2755 ||| IDENTIFYING orange potion
  2756 | D:2      | 2756 ||| READING 2 scrolls of identify.
  2756 | D:2      | 2756 ||| IDENTIFYING yellow potion
  2757 | D:2      | 2757 ||| DROPPING potion of attraction.
  2851 | D:3      | Reached skill level 5 in Axes
  2851 | D:3      | Found Jivalad's Weapon Emporium.
  2868 | D:3      | 2868 ||| BUYING +2 flail of protection (178 gold).
  2868 | D:3      | Bought a +2 flail of protection for 178 gold pieces
  2868 | D:3      | 2868 ||| DROPPING +1 vorpal mace.
  2890 | D:3      | Found Hamipp's General Store.
  2902 | D:3      | 2902 ||| BUYING +4 ring of protection (468 gold).
  2902 | D:3      | Bought a +4 ring of protection for 468 gold pieces
  2902 | D:3      | 2902 ||| BUYING amulet of the acrobat (390 gold).
  2902 | D:3      | Bought an amulet of the acrobat for 390 gold pieces
  2902 | D:3      | 2902 ||| BUYING potion of heal wounds (65 gold).
  2902 | D:3      | Bought a potion of heal wounds for 65 gold pieces
  3292 | D:3      | Found a faded altar of an unknown god.
  3631 | D:3      | 3631 ||| UPGRADING to amulet of the acrobat.
  3636 | D:3      | 3636 ||| UPGRADING to +4 ring of protection.
  3638 | D:3      | 3638 ||| DROPPING ring of wizardry.
  3639 | D:3      | 3639 ||| DROPPING ring of flight.
  3640 | D:3      | 3640 ||| UPGRADING to ring of protection from fire.
  3642 | D:3      | 3642 ||| READING scroll labelled RAARACH FUTUDGH.
  3674 | D:4      | Gained mutation: Your magical nature lets you fly swiftly
                  | and evasively. [Tengu growth]
  3674 | D:4      | Reached XP level 5. HP: 17/30 MP: 9/9
  3840 | D:4      | Noticed a yak
  3841 | D:4      | 3841 ||| Stepping ~*~*~tactically~*~*~ (stealth).
  3843 | D:4      | Noticed a yak
  3844 | D:4      | 3844 ||| Stepping ~*~*~tactically~*~*~ (stealth).
  3845 | D:4      | Noticed a yak
  3846 | D:4      | 3846 ||| Stepping ~*~*~tactically~*~*~ (stealth).
  3851 | D:4      | Slain by a yak

Levels and vault maps discovered:
D:1:      minmay_arrival_jagged, layout_loops_corners
D:2:      minmay_inner_zag, layout_rooms, serial_forest,
          infiniplex_forest_straight_2, infiniplex_forest_lined_room_2,
          infiniplex_forest_straight_2, infiniplex_forest_clump_double,
          infiniplex_forest_pool, infiniplex_forest_lined_1,
          infiniplex_forest_zigzag_2, infiniplex_forest_end_1,
          infiniplex_forest_lined_room_2, infiniplex_forest_clump_small,
          minmay_octomino_e4
D:3:      kb_forest_paths, layout_basic, serial_shops,
          nicolae_shop_temple_entry_statues_fountains, shop,
          shapermc_ecumenical_altar_acropolis
D:4:      layout_loops_ring

Skill      XL: |  1  2  3  4 |
---------------+-------------+-----
Axes           | 4 5 |  5.6
Fighting       | |  2.0
Throwing       | |  1.0
Armour         | |  1.1
Dodging        | |  2.1
Spellcasting   | |  2.0
Translocations | |  2.4

Action                   |  1- 3 |  4- 6 || total
-------------------------+-------+-------++-------
Melee: Hand axe          |    52 |       ||    52
       Peck              |    15 |     4 ||    19
       Kick              |    17 |     9 ||    26
       War axe           |    26 |    72 ||    98
       Punch             |     1 |       ||     1
Throw: Boomerang         |     7 |       ||     7
  Use: Scroll            |     3 |     6 ||     9
       Potion            |       |     2 ||     2
Armor: Leather armour    |    10 |       ||    10
       Scale mail        |    14 |    35 ||    49
Dodge: Dodged            |    34 |    37 ||    71

Table legend:
 A = Non-vault XP
 B = Vault XP
 C = Vault XP percentage of total XP
 D = Non-vault monster count
 E = Vault monster count
 F = Vault count percentage of total count
                 A         B        C        D         E       F
            +---------+---------+-------+---------+---------+-------
      Total |     144 |      37 |  20.4 |      51 |      14 |  21.5
            +---------+---------+-------+---------+---------+-------
        D:1 |      51 |       0 |   0.0 |      23 |       0 |   0.0
        D:2 |      35 |      26 |  42.6 |      15 |       8 |  34.8
        D:3 |      21 |      11 |  34.4 |      12 |       6 |  33.3
        D:4 |      37 |       0 |   0.0 |       1 |       0 |   0.0
            +---------+---------+-------+---------+---------+-------
